 Dungeon Crawl Stone Soup version 0.25-a0-42-g6c54e25894 (webtiles) character file.

Game seed: 13986574549640570255, levelgen mode: deterministic

134 Flugkiller the Sneak (level 5, -2/35 HPs)
             Began as an Octopode Enchanter on Oct 22, 2019.
             Was a Follower of Makhleb.
             Slain by an orc wizard
             ... wielding a +0 falchion
              (4 damage)
             ... on level 3 of the Dungeon.
             The game lasted 00:02:17 (1900 turns).

Flugkiller the Sneak (Octopode Enchanter)           Turns: 1900, Time: 00:02:18

Health: -2/35      AC:  1    Str:  7    XL:     5   Next: 17%
Magic:  8/8        EV: 14    Int: 23    God:    Makhleb [*.....]
Gold:   132        SH:  0    Dex: 13    Spells: 7/8 levels left

rFire    . . .     SeeInvis .   a - +1 dagger
rCold    . . .     Gourm    .   (no shield)
rNeg     . . .     Faith    .   (helmet restricted)
rPois    .         Spirit   .   i - amulet of regeneration
rElec    .         Reflect  .   g - +1 ring of slaying
rCorr    .         Harm     .   (no ring)
MR       .....                  (no ring)
Stlth    +++.......             (no ring)
HPRegen  0.51/turn              (no ring)
MPRegen  0.11/turn              (no ring)
                                (no ring)
                                (no ring)

@: brilliant
A: almost no armour, stealthy swim, amphibious, 8 rings, constrict 8, camouflage
1, gelatinous body 1
a: Renounce Religion


You were on level 3 of the Dungeon.
You worshipped Makhleb.
Makhleb was aware of your devotion.
You were not hungry.

You visited 1 branch of the dungeon, and saw 3 of its levels.

You collected 132 gold pieces.

Inventory:

Hand Weapons
 a - a +1 dagger (weapon)
Jewellery
 g - a +1 ring of slaying (left tentacle)
   (You found it on level 1 of the Dungeon)
 i - an amulet of regeneration (around mantle)
   (You found it on level 1 of the Dungeon)
 m - an uncursed amulet of guardian spirit
   (You found it on level 2 of the Dungeon)
Scrolls
 d - a scroll of fear {unknown}
 e - a scroll of teleportation {unknown}
 j - a scroll of remove curse
 n - a scroll of fog {unknown}
 o - a scroll of immolation {unknown}
Potions
 b - a potion of mutation {unknown}
 h - 4 potions of curing
 k - a potion of haste
 l - a potion of brilliance
 p - a potion of berserk rage {unknown}
Comestibles
 c - 4 rations
 f - 7 chunks of flesh


   Skills:
 + Level 2.4 Fighting
 - Level 1.0 Short Blades
 + Level 3.3 Dodging
 - Level 4.0 Stealth
 + Level 2.5 Unarmed Combat
 - Level 2.0 Spellcasting
 - Level 3.0 Hexes


You had 7 spell levels left.
You knew the following spells:

 Your Spells              Type           Power        Failure   Level  Hunger
a - Corona                Hex            ####...      1%          1    #......

Your spell library contained the following spells:

 Spells                   Type           Power        Failure   Level  Hunger
 Ensorcelled Hibernation  Hex/Ice        ###...       1%          2    ##.....
 Confuse                  Hex            ####....     1%          3    ###....
 Tukima's Dance           Hex            ####....     1%          3    ###....
 Dazzling Spray           Conj/Hex       ###...       2%          3    ###....


Dungeon Overview and Level Annotations

Branches:
Dungeon (3/15)

Altars:
Gozag
Makhleb


Innate Abilities, Weirdness & Mutations

You cannot wear most types of armour.
You are very stealthy in the water. (Stealth+)
You are amphibious.
You can wear up to eight rings at the same time.
You can use your tentacles to constrict eight enemies at once.
Your skin changes colour to match your surroundings (Stealth+).
Your rubbery body absorbs attacks. (AC +1, EV +1)


Message History

The quokka bites you. The orc barely misses you.
The orc wizard mumbles some strange words.
The orc wizard blinks!
Unknown command.
You hit the quokka. Your grab misses the quokka.
The quokka is heavily wounded.
The quokka misses you. The orc closely misses you. The quokka bites you.
Unknown command.
You hit the quokka. You grab the quokka.
You tentacle-slap the quokka, but do no damage.
You squeeze the quokka.
You kill the quokka!
Makhleb accepts your kill.
The orc wizard mumbles some strange words.
The orc wizard blinks!
The orc hits you with a +0 long sword!
* * * LOW HITPOINT WARNING * * *
You closely miss the orc. You grab the orc. You constrict the orc.
The orc barely misses you.
Unknown command.
You hit the orc.
The orc is heavily wounded.
You constrict the orc. The orc closely misses you.
The orc completely misses you.
Unknown command.
You hit the orc but do no damage. You grab the orc.
The orc is heavily wounded.
You constrict the orc. x2; The orc hits you with a +0 long sword.
* * * LOW HITPOINT WARNING * * *
The orc barely misses you.
You hit the orc.
The orc is almost dead.
You constrict the orc.
You kill the orc!
Makhleb accepts your kill.
You constrict the orc, but do no damage.
The orc closely misses you.
Unknown command.
You hit the orc.
You kill the orc!
Makhleb accepts your kill.
You can now gain health from killing.
The orc barely misses you.
The orc wizard casts a spell.
The orc wizard blinks!
Unknown command.
You hit the orc. You grab the orc.
The orc is heavily wounded.
You constrict the orc. The orc hits you with a +0 flail!
* * * LOW HITPOINT WARNING * * *
Something hits you.
You die...

###.#####........######## ..#.
###.....................# #.#.
#......##(#......#<)).#.###...
#........(##......###.........
#..#####...###....#####..####.
#.## ##)...###.........##...
#.# #.##.# #......>.....). ###
################......
#@####### ##..(.. #)o.ยง...###
#..>.. #........># ###...
##.........####....
#....>...o.........
#..........!######.
#..........## #.
#..........### #.
#............. #.


You could see an orc wizard and an orc.

Vanquished Creatures
  A hound (D:2)
  An orc wizard (D:3)
  An adder (D:2)
  An ooze (D:2)
  2 worms (D:2)
  3 dart slugs
  A leopard gecko (D:3)
  4 orcs
  3 bats
  2 giant cockroaches (D:1)
  6 goblins
  4 hobgoblins
  2 jackals (D:1)
  4 kobolds
  A quokka (D:3)
  2 ball pythons (D:3)
  2 frilled lizards
  6 rats
46 creatures vanquished.

Notes
Turn   | Place    | Note
-------+----------+-------------------------------------------
     0 | D:1      | Flugkiller the Octopode Enchanter began the quest for the
                  | Orb.
     0 | D:1      | Reached XP level 1. HP: 11/11 MP: 3/3
   136 | D:1      | Reached XP level 2. HP: 15/18 MP: 5/5
   312 | D:1      | Reached skill level 1 in Unarmed Combat
   317 | D:1      | Reached skill level 1 in Fighting
   854 | D:2      | Reached XP level 3. HP: 23/23 MP: 6/6
   958 | D:2      | Found a burning altar of Makhleb.
   965 | D:2      | Reached XP level 4. HP: 19/29 MP: 7/7
   987 | D:2      | Became a worshipper of Makhleb the Destroyer
  1135 | D:2      | Found an opulent altar of Gozag.
  1840 | D:3      | Reached XP level 5. HP: 35/35 MP: 8/8
  1899 | D:3      | Reached * piety under Makhleb
  1900 | D:3      | Slain by an orc wizard

Levels and vault maps discovered:
D:1:      dpeg_arrival_rooms_a, layout_basic
D:2:      layout_basic, marbit_many_paths, makhleb_heckhound_becter
D:3:      layout_rooms, nicolae_tso_swordbearing_angel,
          gammafunk_temple_overflow_claw, serial_curves, eino_curves_02,
          eino_curves_02, minmay_puff

Skill      XL: |  1  2  3  4 |
---------------+-------------+-----
Unarmed Combat | 1 2 |  2.5
Fighting       | 1 2 |  2.4
Dodging        | 3 |  3.3
Short Blades   | |  1.0
Stealth        | |  4.0
Spellcasting   | |  2.0
Hexes          | |  3.0

Action                   |  1- 3 |  4- 6 || total
-------------------------+-------+-------++-------
Melee: Dagger            |    42 |    64 ||   106
       Constrict         |     6 |    19 ||    25
       Tentacles         |     6 |    11 ||    17
       Punch             |       |     2 ||     2
  Use: Scroll            |       |     3 ||     3
       Potion            |       |     1 ||     1
 Stab: Sleeping          |    16 |     4 ||    20
  Eat: Chunk             |       |     3 ||     3
Armor: Skin              |       |     1 ||     1
Dodge: Dodged            |    12 |    37 ||    49

Table legend:
 A = Non-vault XP
 B = Vault XP
 C = Vault XP percentage of total XP
 D = Non-vault monster count
 E = Vault monster count
 F = Vault count percentage of total count
                 A         B        C        D         E       F
            +---------+---------+-------+---------+---------+-------
      Total |     145 |      47 |  24.5 |      44 |       2 |   4.3
            +---------+---------+-------+---------+---------+-------
        D:1 |      32 |       0 |   0.0 |      17 |       0 |   0.0
        D:2 |      54 |      47 |  46.5 |      15 |       2 |  11.8
        D:3 |      59 |       0 |   0.0 |      12 |       0 |   0.0
            +---------+---------+-------+---------+---------+-------
